 Dungeon Crawl Stone Soup version 0.21.1-1-g345015fe64 (webtiles) character file.

3614 Norrik the Fighter (level 9, -12/85 HPs)
             Began as a Minotaur Monk on Apr 17, 2018.
             Was a High Priest of Okawaru.
             Mangled by an efreet
             ... wielding a +2 scimitar of flaming
              (14 damage)
             ... on level 8 of the Dungeon.
             The game lasted 00:20:06 (7819 turns).

Norrik the Fighter (Minotaur Monk)                  Turns: 7819, Time: 00:20:07

Health: -12/85     AC: 14    Str: 19    XL:     9   Next: 86%
Magic:  11/11      EV:  4    Int: 12    God:    Okawaru [*****.]
Gold:   395        SH:  7    Dex: 13    Spells: 8/8 levels left

rFire    . . .     SeeInvis .   v - +1 dagger (elec)
rCold    . . .     Gourm    +   q - +0 shield
rNeg     . . .     Faith    .   y - +0 plate armour
rPois    .         Spirit   .   (helmet restricted)
rElec    .         Reflect  .   (no cloak)
rCorr    +         Harm     .   (no gloves)
MR       .....                  (no boots)
Stlth    ..........             K - amulet of the gourmand
HPRegen  0.24/turn              G - +5 ring of intelligence
MPRegen  0.12/turn              t - ring of resist corrosion

@: very slightly contaminated, invisible
A: retaliatory headbutt, horns 2
a: Heroism, Finesse, Renounce Religion


You were on level 8 of the Dungeon.
You worshipped Okawaru.
Okawaru was extremely pleased with you.
You were not hungry.

You visited 1 branch of the dungeon, and saw 9 of its levels.

You collected 395 gold pieces.

Inventory:

Hand Weapons
 v - a +1 dagger of electrocution (weapon)
 x - a +0 falchion
Missiles
 B - 8 javelins (quivered)
Armour
 b - a +0 large shield
 q - a +0 shield (worn)
 y - a +0 plate armour (worn)
Jewellery
 h - an uncursed ring of magical power
 t - a ring of resist corrosion (right hand)
 G - a +5 ring of intelligence (left hand)
 K - an amulet of the gourmand (around neck)
Wands
 a - a wand of flame (41)
 k - a wand of random effects (10)
 E - a wand of scattershot (6)
 F - a wand of paralysis (15)
Scrolls
 f - 2 scrolls of immolation
 g - a scroll of fear {unknown}
 i - 2 scrolls of fog {unknown}
 l - a scroll of amnesia {unknown}
 n - a scroll of enchant armour {unknown}
 o - 2 scrolls of remove curse {unknown}
 u - 2 scrolls of magic mapping {unknown}
 w - a scroll of teleportation {unknown}
 H - a scroll of blinking {unknown}
 J - a scroll of brand weapon {unknown}
Potions
 d - 3 potions of berserk rage
 e - 3 potions of mutation
 j - 3 potions of curing
 p - 2 potions of magic
 r - a potion of agility
 z - a potion of heal wounds
 C - a potion of might {unknown}
 D - a potion of flight {unknown}
Comestibles
 c - 16 rations


   Skills:
 + Level 10.0 Fighting
 + Level 7.7 Long Blades
   Level 6.1 Polearms
 + Level 9.2 Armour
 - Level 3.2 Dodging
 - Level 1.5 Stealth
 + Level 4.1 Invocations


You had 8 spell levels left.
You didn't know any spells.

Dungeon Overview and Level Annotations

Branches:
Dungeon (9/15)             Temple (0/1) D:7            Lair (0/6) D:8
    Orc (0/2) D:9

Altars:
Cheibriados
Makhleb
Okawaru
Ru
Trog
Wu Jian
Xom
Yredelemnul
The Shining One

Shops:
D:4 ((:


Innate Abilities, Weirdness & Mutations

You reflexively headbutt those who attack you in melee.
You have a pair of horns on your head.


Message History

You hit the efreet but do no damage.
The efreet is moderately wounded.
You barely miss the efreet. You headbutt the efreet!
The efreet is heavily wounded.
The efreet hits you with a scimitar of flaming.
* * * LOW HITPOINT WARNING * * *
The efreet burns you.
* * * LOW HITPOINT WARNING * * *
You hit the efreet but do no damage.
The efreet is heavily wounded.
The efreet hits you with a scimitar of flaming!
* * * LOW HITPOINT WARNING * * *
The efreet burns you!
* * * LOW HITPOINT WARNING * * *
Okay, then.
You fade into invisibility!
You block the efreet's attack.
You are very lightly contaminated with residual magic.
The efreet hits you with a scimitar of flaming!
You die...

############## #####
##.....##<....## ####...#
##.......(......## .....#.#
######......(.........#
)#####.###.........(...........#
.#####.........................#
.......#.##....R@..............#
<##..###.##.....>..............#
.#...# #.##..##................#
...#.###..#.###...............##
.#>#....#...#####.....##.....##
..#####......#######..########
..# ###....@...##....# ..#
#.##.###....(>.## ..#######.##.#
##((.#...#


You could see an efreet.

Vanquished Creatures
  Psyche (D:8)
  Prince Ribbit (D:8)
  Sigmund (D:5)
  A hungry ghost (D:7)
  The ghost of denis1488 the Poker, an amateur MfFi of Sif Muna (D:3)
  Edmund (D:5)
  An orc warrior (D:6)
  An ice beast (D:6)
  A necrophage (D:7)
  A sky beast (D:6)
  6 ogres
  3 centaurs
  A crocodile (D:8)
  A big kobold (D:8)
  A bullfrog (D:6)
  2 scorpions
  6 killer bees (D:7)
  2 howler monkeys
  3 crimson imps
  2 hounds
  A centaur zombie (D:5)
  2 orc priests
  A bullfrog skeleton (D:4)
  6 orc wizards
  2 iguanas
  5 worker ants
  Terence (D:3)
  A hound zombie (D:7)
  A hound skeleton (D:7)
  A howler monkey zombie (D:7)
  A howler monkey skeleton (D:8)
  6 adders
  An adder skeleton (D:7)
  2 adder zombies
  A worm (D:4)
  A dart slug (D:3)
  7 leopard geckos
  22 orcs
  3 giant cockroaches
  10 goblins
  7 hobgoblins
  2 jackals (D:4)
  A quokka (D:2)
  A ball python (D:1)
  7 bats
  6 frilled lizards
  17 kobolds
  A leopard gecko skeleton (D:7)
  6 rats
160 creatures vanquished.

Notes
Turn   | Place    | Note
-------+----------+-------------------------------------------
     0 | D:1      | Norrik the Minotaur Monk began the quest for the Orb.
     0 | D:1      | Reached XP level 1. HP: 19/19 MP: 0/0
    77 | D:1      | Reached skill level 1 in Armour
    77 | D:1      | Reached XP level 2. HP: 27/27 MP: 1/1
   128 | D:1      | Reached skill level 4 in Fighting
   174 | D:1      | Found a stormy altar of Qazlal.
   176 | D:1      | Found a snail-covered altar of Cheibriados.
   176 | D:1      | Found a shimmering altar of Xom.
   180 | D:1      | Found an iron altar of Okawaru.
   180 | D:1      | Found a hazy altar of Hepliaklqana.
   180 | D:1      | Found a shadowy altar of Dithmenos.
   484 | D:2      | Reached XP level 3. HP: 33/33 MP: 2/2
   972 | D:3      | Reached XP level 4. HP: 38/41 MP: 3/3
   984 | D:3      | Noticed denis1488's ghost (amateur MfFi)
  1027 | D:3      | Killed denis1488's ghost
  1027 | D:3      | Reached skill level 5 in Fighting
  1027 | D:3      | Reached skill level 5 in Polearms
  1027 | D:3      | Reached XP level 5. HP: 23/48 MP: 4/4
  1412 | D:3      | Found a glowing golden altar of the Shining One.
  1475 | D:3      | Found a snail-covered altar of Cheibriados.
  1586 | D:3      | Noticed Terence
  1592 | D:3      | Killed Terence
  2251 | D:4      | Found Mafi's Antique Weapon Shoppe.
  2264 | D:4      | Found Feof Kuatwoh's Book Boutique.
  2350 | D:4      | Reached XP level 6. HP: 48/56 MP: 5/5
  2813 | D:3      | Reached skill level 6 in Fighting
  3368 | D:4      | Found Peceyrch's Antique Weapon Emporium.
  3390 | D:4      | Found an iron altar of Okawaru.
  3401 | D:4      | Became a worshipper of Warmaster Okawaru
  3401 | D:4      | Reached * piety under Okawaru
  3401 | D:4      | Reached ** piety under Okawaru
  3442 | D:5      | Entered Level 5 of the Dungeon
  3559 | D:5      | Reached skill level 1 in Long Blades
  3559 | D:5      | Reached skill level 5 in Armour
  3559 | D:5      | Reached XP level 7. HP: 29/64 MP: 6/6
  3766 | D:5      | Noticed Edmund
  3772 | D:5      | Killed Edmund
  3969 | D:5      | Reached skill level 7 in Fighting
  4123 | D:5      | Found a basalt altar of Yredelemnul.
  4191 | D:5      | Found a bloodstained altar of Trog.
  4191 | D:5      | Noticed Sigmund
  4195 | D:5      | Killed Sigmund
  4195 | D:5      | Reached *** piety under Okawaru
  4195 | D:5      | Reached XP level 8. HP: 71/73 MP: 7/7
  4602 | D:6      | Found an ornate altar of the Wu Jian Council.
  4680 | D:6      | Reached skill level 8 in Fighting
  4849 | D:6      | Reached skill level 5 in Long Blades
  4861 | D:6      | Found a sacrificial altar of Ru.
  5486 | D:7      | Reached skill level 1 in Invocations
  5524 | D:7      | Reached **** piety under Okawaru
  5643 | D:7      | Reached XP level 9. HP: 82/82 MP: 9/9
  5686 | D:7      | Reached skill level 9 in Fighting
  6118 | D:7      | Found a burning altar of Makhleb.
  6560 | D:7      | Found a staircase to the Ecumenical Temple.
  6977 | D:8      | Noticed Prince Ribbit
  6988 | D:8      | Found a staircase to the Lair.
  6999 | D:8      | Killed Prince Ribbit
  7004 | D:8      | Noticed Psyche
  7025 | D:8      | HP: 2/85 [Psyche/dagger of distortion (18)]
  7533 | D:8      | Reached ***** piety under Okawaru
  7610 | D:8      | Killed Psyche
  7610 | D:8      | Reached skill level 10 in Fighting
  7806 | D:9      | Found a staircase to the Orcish Mines.
  7806 | D:9      | Noticed an efreet
  7817 | D:8      | HP: 2/85 [efreet/scimitar of flaming (7)]
  7819 | D:8      | Mangled by an efreet

Skill      XL: |  1  2  3  4  5  6  7  8  9 |
---------------+----------------------------+-----
Armour         | 1 2 3 5 6 7 9 |  9.2
Fighting       | 4 5 6 7 8 10 | 10.0
Polearms       | 4 5 6 |  6.1
Long Blades    | 1 3 6 7 |  7.7
Invocations    | 1 4 |  4.1
Dodging        | |  3.2
Stealth        | |  1.5

Action                   |  1- 3 |  4- 6 |  7- 9 || total
-------------------------+-------+-------+-------++-------
Melee: Spear             |   107 |    95 |       ||   202
       Headbutt          |    11 |    27 |    76 ||   114
       Dagger            |       |    30 |   341 ||   371
Invok: Heroism           |       |       |     3 ||     3
Evoke: Wand              |       |       |     1 ||     1
  Use: Scroll            |       |       |    11 ||    11
       Potion            |       |       |     1 ||     1
 Stab: Sleeping          |     6 |     3 |       ||     9
  Eat: Chunk             |       |     8 |    17 ||    25
       Ration            |       |       |     1 ||     1
Armor: Robe              |    13 |     7 |       ||    20
       Plate armour      |       |    23 |   190 ||   213
Dodge: Dodged            |    45 |    39 |    50 ||   134
Block: Shield            |       |     8 |   115 ||   123
